 Dungeon Crawl Stone Soup version 0.30-a0-322-g102857c98e (webtiles) character file.

Game seed: 2424300468683748030

447 billz999 the Skirmisher (level 7, 0/84 HPs)
             Began as a Gnoll Hunter on Oct 27, 2022.
             Was a Follower of Dithmenos.
             Slain by a sky beast (6 damage)
             ... on level 5 of the Dungeon.
             The game lasted 00:07:20 (3020 turns).

billz999 the Skirmisher (Gnoll Hunter)              Turns: 3020, Time: 00:07:21

Health: 0/84       AC: 27    Str: 11    XL:     7   Next: 3%
Magic:  10/10      EV:  2    Int:  8    God:    Dithmenos [*.....]
Gold:   234        SH:  5    Dex: 17    Spells: 10/10 levels left

rFire   . . .      SeeInvis .    a - +0 shortbow (chaos)
rCold   . . .      Faith    .    (shield currently unavailable)
rNeg    . . .      Spirit   .    (body armour currently unavailable)
rPois   +          Reflect  +    (helmet currently unavailable)
rElec   .          Harm     .    (cloak currently unavailable)
rCorr   .          Rampage  .    (gloves currently unavailable)
Will    .....      NoTele   +    (boots currently unavailable)
Stlth   +++.......               e - amulet of reflection
HPRegen 0.34/turn                q - ring of wizardry
MPRegen 0.12/turn                y - +4 ring of protection

@: tree-form, wreathed by umbra
A: stationary, stasis, torment immunity, boosted hp, (fangs 1), strong nose,
distributed training
a: Renounce Religion


You were on level 5 of the Dungeon.
You worshipped Dithmenos.
Dithmenos was aware of your devotion.
You were a tree.
You visited 1 branch of the dungeon, and saw 5 of its levels.

You collected 234 gold pieces.

Inventory:

Hand Weapons
 a - a +0 shortbow of chaos (weapon)
 f - a +4 spear
Missiles
 j - 10 poisoned darts
Armour
 c - a +0 leather armour (melded)
 n - a +0 cloak (melded)
 w - a +0 pair of gloves (melded)
Jewellery
 e - an amulet of reflection (around neck)
 q - a ring of wizardry (left branch)
 y - a +4 ring of protection (right branch)
Scrolls
 b - 2 scrolls of immolation
 i - a scroll of magic mapping
 k - 2 scrolls of noise
 m - a scroll of blinking {unknown}
 p - a scroll of enchant weapon
 r - a scroll of fear {unknown}
 s - 2 scrolls of silence {unknown}
 t - a scroll of vulnerability {unknown}
 v - a scroll of poison {unknown}
Potions
 d - 2 potions of lignification
 g - 3 potions of degeneration
 h - a potion of cancellation {unknown}
 u - a potion of haste {unknown}
 x - a potion of attraction {unknown}


   Skills:
 + Level 5.1 Fighting
 + Level 2.3 Short Blades
 + Level 2.3 Long Blades
 + Level 2.3 Axes
 + Level 2.3 Maces & Flails
 + Level 2.3 Polearms
 + Level 2.3 Staves
 + Level 8.8 Ranged Weapons
 + Level 2.3 Throwing
 + Level 2.3 Armour
 + Level 5.1 Dodging
 + Level 3.3 Stealth
 + Level 2.3 Shields
 + Level 2.3 Unarmed Combat
 + Level 2.3 Spellcasting
 + Level 1.8 Conjurations
 + Level 1.8 Hexes
 + Level 1.8 Summonings
 + Level 1.8 Necromancy
 + Level 1.8 Translocations
 + Level 1.8 Transmutations
 + Level 1.8 Fire Magic
 + Level 1.8 Ice Magic
 + Level 1.8 Air Magic
 + Level 1.8 Earth Magic
 + Level 1.8 Poison Magic
 + Level 2.5 Invocations
 + Level 2.3 Evocations


You had 10 spell levels left.
You didn't know any spells.
Your spell library contained the following spells:

 Spells                   Type           Power      Damage    Failure   Level
 Cigotuvi's Dreadful Rot  Necr/Pois/Air  6%         N/A       10%         2
 Poisonous Vapours        Pois/Air       6%         N/A       10%         2
 Mephitic Cloud           Conj/Pois/Air  3%         N/A       19%         3


Dungeon Overview and Level Annotations

Branches:
Dungeon (5/15)
 Temple: D:4-7

Altars:
Dithmenos
Gozag
Ru
Xom
Zin

Shops:
D:4 [


Innate Abilities, Weirdness & Mutations

You are a tree.
Your roots penetrate the ground, keeping you stationary.
You cannot be teleported.
You are immune to unholy pain and torment.
Your maximum health is greatly increased.
Your equipment is partially melded.
((You have very sharp teeth.))
Your uncanny sense of smell can sniff out nearby items.
Your experience applies equally to all skills.


Message History

Something hits you but does no damage. Something hits you.
* * * LOW HITPOINT WARNING * * *
Fire: a) +0 shortbow (chaos)
Press: ? - help, Shift-Dir - straight line You shoot an arrow.
You block something's attack. Something hits you.
* * * LOW HITPOINT WARNING * * *
Unknown command.
Fire: a) +0 shortbow (chaos)
Press: ? - help, Shift-Dir - straight line You shoot an arrow.
Dithmenos accepts your kill.
Reactivating autopickup.
You feel a bit more experienced. Something hits you but does no damage.
Deactivating autopickup; reactivate with Ctrl-A.
You have reached level 7!
Fire: a) +0 shortbow (chaos)
Press: ? - help, Shift-Dir - straight line, f - gnoll
Aim: a gnoll, wielding a +0 flail and quivering a throwing net (heavily wounded, 69% to hit)
You shoot an arrow. The arrow hits the gnoll!
You kill the gnoll!
Dithmenos accepts your kill. Something hits you.
* * * LOW HITPOINT WARNING * * *
Something shocks you.
* * * LOW HITPOINT WARNING * * *
Fire: a) +0 shortbow (chaos)
Press: ? - help, Shift-Dir - straight line You shoot an arrow.
Something hits you but does no damage.
Unknown command.
Unknown command.
y - a +4 ring of protection (right branch)
A sky beast appears from thin air!
Reactivating autopickup.
The sky beast hits you.
* * * LOW HITPOINT WARNING * * *
The sky beast shocks you.
You die...

*,* *,***** ######,* *,******* *
#...<#,* *,,,,,,,* ** #.####.*
*******,* ,* #.# #.# *,* .** #.##
#.# *,* ..** ###..###.# *,* #..**
#........#### *,*
+...###.######..♣.# *<*
##......#≈≈≈≈#)##Y##########*****
..$.....#≈§§§#......).>....,,,,,,
###.###.#§§_≈#)##.)$.....,,,,,,,,
#.^...#§§≈§#)#######.######***,
#####.##''##.†..g)).....[..,**,
#.........o†####'######,**,
#.#.#######.o..o...* *,**, #.(.#
**..[..$...# *,**,


You could see a sky beast.

Vanquished Creatures
  A water moccasin (D:5)
  2 scorpions (D:4)
  An orc priest (D:5)
  An orc wizard (D:4)
  6 gnolls
  5 adders
  A worm (D:2)
  A dart slug (D:2)
  3 orcs
  4 endoplasms
  4 giant cockroaches
  4 goblins
  4 hobgoblins
  6 jackals
  5 kobolds
  3 quokkas
  8 ball pythons
  6 bats
  3 frilled lizards
  5 rats
73 creatures vanquished.

Notes
Turn   | Place    | Note
-------+----------+-------------------------------------------
     0 | D:1      | billz999 the Gnoll Hunter began the quest for the Orb.
     0 | D:1      | Reached XP level 1. HP: 20/20 MP: 1/1
   170 | D:1      | Reached XP level 2. HP: 26/26 MP: 2/2
   777 | D:2      | Reached XP level 3. HP: 31/31 MP: 3/3
   921 | D:2      | Reached skill level 1 in Invocations
  1453 | D:3      | Reached skill level 1 in Short Blades
  1453 | D:3      | Reached skill level 1 in Long Blades
  1453 | D:3      | Reached skill level 1 in Axes
  1453 | D:3      | Reached skill level 1 in Maces & Flails
  1453 | D:3      | Reached skill level 1 in Polearms
  1453 | D:3      | Reached skill level 1 in Staves
  1453 | D:3      | Reached skill level 1 in Throwing
  1453 | D:3      | Reached skill level 1 in Armour
  1453 | D:3      | Reached skill level 1 in Shields
  1453 | D:3      | Reached skill level 1 in Unarmed Combat
  1453 | D:3      | Reached skill level 1 in Spellcasting
  1453 | D:3      | Reached skill level 1 in Evocations
  1778 | D:3      | Found a shadowy altar of Dithmenos.
  1778 | D:3      | Found a glowing silver altar of Zin.
  1830 | D:3      | Found a shimmering altar of Xom.
  1833 | D:3      | Became a worshipper of Dithmenos the Shadowed
  1837 | D:3      | Found an opulent altar of Gozag.
  1839 | D:3      | Found a faded altar of an unknown god.
  2034 | D:4      | Noticed a scorpion
  2060 | D:4      | Killed a scorpion
  2061 | D:4      | Reached skill level 1 in Conjurations
  2061 | D:4      | Reached skill level 1 in Hexes
  2061 | D:4      | Reached skill level 1 in Summonings
  2061 | D:4      | Reached skill level 1 in Necromancy
  2061 | D:4      | Reached skill level 1 in Translocations
  2061 | D:4      | Reached skill level 1 in Transmutations
  2061 | D:4      | Reached skill level 1 in Fire Magic
  2061 | D:4      | Reached skill level 1 in Ice Magic
  2061 | D:4      | Reached skill level 1 in Air Magic
  2061 | D:4      | Reached skill level 1 in Earth Magic
  2061 | D:4      | Reached skill level 1 in Poison Magic
  2061 | D:4      | Reached XP level 4. HP: 24/38 MP: 4/6
  2061 | D:4      | Reached XP level 5. HP: 27/43 MP: 4/7
  2192 | D:4      | Found Vegatz's Antique Armour Boutique.
  2521 | D:4      | Reached XP level 6. HP: 47/50 MP: 8/8
  2603 | D:4      | Reached skill level 5 in Fighting
  2603 | D:4      | Reached skill level 5 in Dodging
  2897 | D:5      | Entered Level 5 of the Dungeon
  2920 | D:5      | Found a sacrificial altar of Ru.
  2942 | D:5      | Noticed a water moccasin
  2957 | D:5      | Killed a water moccasin
  2957 | D:5      | Reached * piety under Dithmenos
  2991 | D:5      | Noticed a sky beast
  3018 | D:5      | Reached XP level 7. HP: 14/56 MP: 10/10
  3020 | D:5      | Slain by a sky beast

Illustrated notes

Levels and vault maps discovered:
D:1:      lightli_arrival_lavapool, layout_loops_ring
D:2:      layout_basic, minmay_pentomino_v4
D:3:      layout_basic, chequers_temple_overflow_minitemple
D:4:      layout_gridville, serial_shops, shop, chequers_avenue,
          supply_closet_lemuel, kennysheep_potato
D:5:      layout_basic, general_overflow_altar, gup_sewer_entry_spiral

Skill      XL: |  1  2  3  4  5  6 |
---------------+-------------------+-----
Invocations    | 1 2 |  2.5
Short Blades   | 1 2 |  2.3
Long Blades    | 1 2 |  2.3
Axes           | 1 2 |  2.3
Maces & Flails | 1 2 |  2.3
Polearms       | 1 2 |  2.3
Staves         | 1 2 |  2.3
Throwing       | 1 2 |  2.3
Armour         | 1 2 |  2.3
Shields        | 1 2 |  2.3
Unarmed Combat | 1 2 |  2.3
Spellcasting   | 1 2 |  2.3
Evocations     | 1 2 |  2.3
Conjurations   | 1 |  1.8
Hexes          | 1 |  1.8
Summonings     | 1 |  1.8
Necromancy     | 1 |  1.8
Translocations | 1 |  1.8
Transmutations | 1 |  1.8
Fire Magic     | 1 |  1.8
Ice Magic      | 1 |  1.8
Air Magic      | 1 |  1.8
Earth Magic    | 1 |  1.8
Poison Magic   | 1 |  1.8
Stealth        | 3 |  3.3
Fighting       | 5 |  5.1
Dodging        | 5 |  5.1
Ranged Weapons | |  8.8

Action                   |  1- 3 |  4- 6 |  7- 9 || total
-------------------------+-------+-------+-------++-------
Melee: Spear             |     2 |       |       ||     2
       Bite              |     1 |       |       ||     1
 Fire: Shortbow          |   108 |   109 |     2 ||   219
Throw: Throwing net      |       |     1 |       ||     1
  Use: Scroll            |     6 |     2 |       ||     8
       Potion            |     3 |     3 |       ||     6
Armor: Leather armour    |     4 |    18 |       ||    22
       Skin              |       |    37 |     1 ||    38
Dodge: Dodged            |    24 |    46 |       ||    70
Block: Other             |     3 |    20 |       ||    23

Table legend: (Time is in decaauts)
 A = Elapsed time spent in this place.
 B = Non-inter-level travel time spent in this place.
 C = Inter-level travel time spent in this place.
 D = Time resting spent in this place.
 E = Time spent auto-exploring this place.
 F = Levels seen in this place.
 G = Mean time per level.
                   A        B        C        D        E       F      G
               +--------+--------+--------+--------+--------+-----+--------+
         Total |   3042 |   2867 |    175 |      2 |   2403 |   5 |  608.4 |
       Dungeon |   3042 |   2867 |    175 |      2 |   2403 |   5 |  608.4 |
               +--------+--------+--------+--------+--------+-----+--------+

Top non-repeatable levels by time:
     D:4: 1010 daAuts
     D:3: 774 daAuts
     D:1: 639 daAuts
     D:2: 490 daAuts
     D:5: 127 daAuts
